 Dungeon Crawl Stone Soup version 0.30.1-9-gdf580d7c3d (webtiles) character file.

Game seed: 11583193767520584069

435 Perinia the Trooper (level 6, -2/57 HPs)
             Began as a Minotaur Berserker on Sept 25, 2023.
             Was a Believer of Trog.
             Succumbed to a gnoll's poison
             ... on level 3 of the Dungeon on Sept 28, 2023.
             The game lasted 00:11:54 (2692 turns).

Perinia the Trooper (Minotaur Berserker)            Turns: 2692, Time: 00:11:55

Health: -2/57      AC:  9    Str: 23    XL:     6   Next: 68%
Magic:  5/5        EV:  9    Int:  4    God:    Trog [**....]
Gold:   193        SH:  5    Dex: 10    Spells: 5/5 levels left

rFire   . . .        j - +1 scythe (venom)
rCold   . . .        (shield currently unavailable)
rNeg    . . .        c - +0 chain mail
rPois   .            (helmet restricted)
rElec   .            (no cloak)
rCorr   .            (no gloves)
SInv    .            (no boots)
Will    .....        d - amulet of reflection Stlth
                     (no ring)
HPRegen 0.29/turn    (no ring)
MPRegen 0.09/turn

%: reflection
@: lethally poisoned (-2 -> -45), on berserk cooldown, slowed, very slow
A: horns 2, retaliatory headbutt
a: Renounce Religion, Berserk, Trog's Hand


You were on level 3 of the Dungeon.
You worshipped Trog.
Trog was pleased with you.
You visited 1 branch of the dungeon, and saw 3 of its levels.

You collected 193 gold pieces.

Inventory:

Hand Weapons
 a - a +0 hand axe
 j - a +1 scythe of venom (weapon)
 p - a +4 dagger
Armour
 b - a +0 animal skin
 c - a +0 chain mail (worn)
 k - a +0 robe
Jewellery
 d - an amulet of reflection (around neck)
Scrolls
 e - 3 scrolls of identify {unknown}
 f - a scroll of noise {unknown}
 g - a scroll of fear {unknown}
 i - 2 scrolls of poison {unknown}
 l - 2 scrolls of vulnerability {unknown}
 r - a scroll of magic mapping {unknown}
Potions
 h - a potion of degeneration {unknown}
 m - a potion of haste {unknown}
 n - a potion of ambrosia {unknown}
 o - a potion of mutation {unknown}
 q - a potion of curing {unknown}


   Skills:
 * Level 5.9 Fighting
 - Level 4.5(4.8) Axes
 * Level 2.1(3.6) Polearms
 * Level 5.2 Armour
 + Level 3.7 Dodging


You had 5 spell levels left.
You didn't know any spells.
Your spell library was empty.

Dungeon Overview and Level Annotations

Branches:
Dungeon (3/15)

Altars:
Qazlal

Shops:
D:3 [

Annotations:
D:3 1 transporter, Babbit's ghost, amateur MiFi


Innate Abilities, Weirdness & Mutations

You have a pair of horns on your head.
You reflexively headbutt those who attack you in melee.


Message History

The gnoll hits you from afar with a +2 spear of venom.
You are more poisoned.
Okay, then.
You closely miss the gnoll bouda. You headbutt the gnoll bouda!
The gnoll bouda is almost dead.
You feel very sick. The gnoll barely misses you.
The gnoll bouda completely misses you. The gnoll hits you but does no damage.
You are more poisoned.
The gnoll hits you from afar with a +2 spear of venom.
You are lethally poisoned!
You puncture the gnoll bouda!
You kill the gnoll bouda!
Trog accepts your kill.
You feel extremely sick. The gnoll hits you but does no damage.
The gnoll throws a throwing net.
The throwing net hits you.
You become entangled in the net!
Your base Polearms skill increases to level 2!
You tear a large gash into the net.
You feel very sick.
The gnoll hits you from afar with a +2 spear of venom.
You are more poisoned.
The gnoll hits you from afar with a +0 spear.
* * * LOW HITPOINT WARNING * * *
You struggle against the net.
You feel a strong urge to attack something.
* * * LOW HITPOINT WARNING * * *
You feel very sick.
The gnoll hits you from afar with a +0 halberd of venom.
* * * LOW HITPOINT WARNING * * *
You are more poisoned.
The gnoll hits you from afar with a +2 spear of venom.
* * * LOW HITPOINT WARNING * * *
Okay, then.
Okay, then.
You shred the net and break free!
You are no longer berserk.
You are exhausted.
You feel yourself slow down.
You die...

#..≈≈≈≈≈≈≈≈≈≈≈...≈≈≈≈≈≈≈≈≈≈≈....
#..≈≈#####...........#####≈≈....
#..≈≈#g#.#.###.©.###.#.#g#≈≈....
#..≈≈#...###.#####©###...#≈≈....
#>.≈≈###...............###≈≈....
#..≈≈.8#.##'###'######.#8.≈≈....
#..≈≈.##.#...#.g8#gW.#.##.≈≈....
#..~~.#..'...g)©⌠#g..'..#.~~.#..
#..≈≈.##.#...#)@8#...#.##.≈≈.#..
#..≈≈.8#.##'###)######.#8.≈≈.##.
#..≈≈###........g......###≈≈.##.
#..≈≈#...###.#####g###...#≈≈....
#..≈≈#.#.#.###.©.###.#.#.#≈≈....
#..≈≈#####...........#####≈≈.#.#
#..≈≈≈≈≈≈≈≈≈≈≈≈~≈≈≈≈≈≈≈≈≈≈≈≈.#.#
#..≈≈≈≈≈≈≈≈≈≈≈≈~≈≈≈≈≈≈≈≈≈≈≈≈.#.#
#............................#..


You could see 3 gnolls.

Vanquished Creatures
  Sigmund (D:2)
  A gnoll bouda (D:3)
  Jessica (D:2)
  2 orc wizards (D:3)
  5 adders
  3 gnolls (D:3)
  2 worms
  2 dart slugs
  6 orcs (D:3)
  6 endoplasms
  2 giant cockroaches
  5 goblins
  7 hobgoblins
  4 quokkas
  5 ball pythons
  8 bats
  2 frilled lizards
  6 kobolds
  8 rats
76 creatures vanquished.

Notes
Turn   | Place    | Note
-------+----------+-------------------------------------------
     0 | D:1      | Perinia the Minotaur Berserker began the quest for the Orb.
     0 | D:1      | Reached XP level 1. HP: 19/19 MP: 0/0
   143 | D:1      | Reached XP level 2. HP: 24/27 MP: 1/1
   554 | D:1      | Reached XP level 3. HP: 31/33 MP: 2/2
   936 | D:2      | Reached ** piety under Trog
  1122 | D:2      | Noticed Sigmund
  1131 | D:2      | Killed Sigmund
  1132 | D:2      | Reached skill level 5 in Fighting
  1132 | D:2      | Reached XP level 4. HP: 42/42 MP: 3/3
  1132 | D:2      | Reached XP level 5. HP: 48/48 MP: 4/4
  1151 | D:2      | Found a faded altar of an unknown god.
  1438 | D:2      | Noticed Jessica
  1446 | D:2      | Killed Jessica
  1447 | D:2      | Reached XP level 6. HP: 56/56 MP: 5/5
  1883 | D:3      | Reached skill level 1 in Polearms
  2002 | D:3      | Found a stormy altar of Qazlal.
  2259 | D:3      | Reached skill level 5 in Armour
  2318 | D:3      | Found Kameass's Antique Armour Shoppe.
  2422 | D:3      | Found a transporter.
  2428 | D:3      | Found a transporter.
  2434 | D:3      | Noticed Babbit's ghost (amateur MiFi)
  2692 | D:3      | Succumbed to a gnoll's poison

Illustrated notes

Levels and vault maps discovered:
D:1:      dpeg_arrival_pits, layout_basic
D:2:      layout_basic, shapermc_ecumenical_altar_hornbeckon, uniq_sigmund,
          uniq_jessica
D:3:      layout_basic, nicolae_qazlal_general_emergency,
          gammafunk_ghost_gnarly_gnolls, serial_shops, shop_fountains,
          nrook_campfire

Skill      XL: |  1  2  3  4  5  6 |
---------------+-------------------+-----
Fighting       | 4 5 |  5.9
Armour         | 3 4 5 |  5.2
Axes           | 4 |  4.5
Dodging        | 3 |  3.7
Polearms       | 2 |  2.1

Action                     |  1- 3 |  4- 6 || total
---------------------------+-------+-------++-------
  Melee: Hand axe          |    65 |       ||    65
         Headbutt          |    11 |    15 ||    26
         Halberd           |       |    64 ||    64
 Invoke: Berserk           |       |     2 ||     2
 Armour: Animal skin       |     3 |       ||     3
         Chain mail        |    23 |    24 ||    47
  Dodge: Dodged            |    34 |    42 ||    76
  Block: Other             |    11 |    14 ||    25
         Reflection        |     1 |       ||     1
